 Dungeon Crawl Stone Soup version 0.26-a0-639-g72c4674329 (webtiles) character file.

Game seed: 15710599101403799902

30434 Lovchig the Severer (level 13, 0/121 HPs)
             Began as a Deep Dwarf Fighter on Sept 25, 2020.
             Was a High Priest of Makhleb.
             Slain by a balrug
             ... wielding a +1 demon whip of venom
             ... summoned by the player character
              (2 damage)
             ... on level 3 of the Abyss.
             The game lasted 00:34:40 (9795 turns).

Lovchig the Severer (Deep Dwarf Fighter)            Turns: 9795, Time: 00:34:41

Health: 0/121      AC: 19    Str: 28 (33) XL:     13   Next: 20%
Magic:  1/1        EV:  8    Int:  2 (3)  God:    Makhleb [*****.]
Gold:   854        SH: 12    Dex: 11 (13) Spells: 12/12 levels left

rFire    + . .     SeeInvis .   u - +0 broad axe "Zoips" {drain, rC+ Str+3} (curse)
rCold    + + +     Faith    .   c - +0 kite shield
rNeg     . . .     Spirit   .   o - +0 plate armour
rPois    .         Reflect  .   y - +0 helmet
rElec    +         Harm     .   x - scarf {rC+ rF+}
rCorr    .         Rampage  .   l - +1 pair of gloves
MR       ++...     Rnd*Rage +   p - +2 pair of boots "Jufevow" {Regen+} Stlth ..........Rnd*Tele +
                                F - amulet "Danev" {Inacc +Blink Dex+3}
HPRegen  0.00/turn              E - ring "Rij Guam" {AC+4 Str+4 Dex-2 Slay+4}
MPRegen  0.07/turn              D - ring of Tukh {*Tele rElec rC+ Str+6 Int-3}

@: berserk cooldown, non-regenerating, slowed, heavily drained, very slow
A: damage resistance, heal wounds, [berserk 3], blink, [blurry vision 2],
[deformed body], [deterioration 2], [dopey 2], [low mp 3], magic resistance 1,
sense surroundings 2, [weak 2], [subdued magic 3], no regeneration
a: Heal Wounds, Blink, Minor Destruction, Lesser Servant of Makhleb, Major
Destruction, Greater Servant of Makhleb, Renounce Religion, Evoke Blink


You were on level 3 of the Abyss.
You worshipped Makhleb.
Makhleb was extremely pleased with you.
You visited 2 branches of the dungeon, and saw 14 of its levels.
You visited the Abyss 1 time.
You also visited: Sewer.

You collected 1133 gold pieces.
You spent 279 gold pieces at shops.

Inventory:

Hand Weapons
 u - the cursed +0 broad axe "Zoips" (weapon) {drain, rC+ Str+3}
   (You bought it in a shop on level 12 of the Dungeon)

   A truly terrible weapon, it drains the life of those it strikes.
   It affects your strength (+3).
   It protects you from cold.
   It has a curse placed upon it.
 C - a +2 morningstar of protection
Armour
 c - a +0 kite shield (worn)
 l - a +1 pair of gloves (worn)
 o - a +0 plate armour (worn)
 p - the +2 pair of boots "Jufevow" (worn) {Regen+}
   (You acquired it on level 8 of the Dungeon)

   It increases your rate of regeneration.
 x - a scarf of resistance (worn)
 y - a +0 helmet (worn)
Jewellery
 D - the ring of Tukh (right hand) {*Tele rElec rC+ Str+6 Int-3}
   (You found it on level 11 of the Dungeon)

   [ring of teleportation]

   It may teleport you next to monsters.
   It affects your strength (+6).
   It affects your intelligence (-3).
   It protects you from cold.
   It insulates you from electricity.
 E - the ring "Rij Guam" (left hand) {AC+4 Str+4 Dex-2 Slay+4}
   (You found it on level 11 of the Dungeon)

   [ring of protection]

   It affects your AC (+4).
   It affects your strength (+4).
   It affects your dexterity (-2).
   It affects your accuracy and damage with ranged weapons and melee attacks
   (+4).
 F - the amulet "Danev" (around neck) {Inacc +Blink Dex+3}
   (You found it on level 11 of the Dungeon)

   [amulet of inaccuracy]

   It reduces the accuracy of all your attacks.
   It affects your dexterity (+3).
   It lets you blink.
Wands
 d - a wand of polymorph (9)
 s - a wand of paralysis (17)
 v - a wand of iceblast (7)
 A - a wand of flame (66)
Scrolls
 b - 5 scrolls of enchant weapon
 i - a scroll of identify
 q - 11 scrolls of remove curse
 t - 2 scrolls of teleportation
 w - 2 scrolls of magic mapping
Potions
 a - a potion of stabbing
 e - 2 potions of brilliance
 f - 8 potions of curing
 g - 2 potions of cancellation
 h - 2 potions of haste
 j - 8 potions of flight
 k - 3 potions of lignification
 n - 3 potions of heal wounds
 r - a potion of resistance
 z - a potion of invisibility
Miscellaneous
 m - a tin of tremorstones (3/3)


   Skills:
 * Level 9.0(6.3) Fighting
 * Level 15.4(12.3) Axes
 * Level 9.6(6.9) Armour
 * Level 8.2(5.6) Dodging
 * Level 11.2(8.4) Shields


You had 12 spell levels left.
You didn't know any spells.
Your spell library contained the following spells:

 Spells                   Type           Power        Failure   Level
 Freeze                   Ice            #...         100%        1
 Sting                    Tmut/Pois      #...         100%        1
 Poisonous Vapours        Pois/Air       #.....       100%        2
 Confusing Touch          Hex            #.......     100%        3
 Frozen Ramparts          Ice            #.....       100%        3
 Gell's Gravitas          Tloc           #.........   100%        3
 Ignite Poison            Fire/Tmut/Pois #.......     100%        3
 Mephitic Cloud           Conj/Pois/Air  #.......     100%        3
 Ozocubu's Armour         Ice            #.......     100%        3
 Portal Projectile        Hex/Tloc       #.....       100%        3
 Hailstorm                Conj/Ice       #.......     100%        4
 Olgreb's Toxic Radiance  Pois           #.......     100%        4
 Petrify                  Tmut/Erth      #.......     100%        4
 Summon Ice Beast         Ice/Summ       #.......     100%        4
 Metabolic Englaciation   Hex/Ice        #.........   100%        5
 Yara's Violent Unravell  Hex/Tmut       #.........   100%        5
 Dispersal                Tloc           #.........   100%        6
 Disjunction              Tloc           #.........   100%        8


Dungeon Overview and Level Annotations

Branches:
Dungeon (13/15)            Temple (1/1) D:6            Lair (0/6) D:8
    Orc (0/2) D:9           Sewer (visited)
 Vaults: D:13-14

Altars:
Ashenzari
Cheibriados
Dithmenos
Elyvilon
Fedhas
Gozag
Hepliaklqana
Kikubaaqudgha
Makhleb
Nemelex Xobeh
Okawaru
Qazlal
Ru
Sif Muna
Trog
Uskayaw
Vehumet
Wu Jian
Xom
Yredelemnul
Zin
The Shining One

Shops:
D:5 (   D:6 (   D:10 ?[}   D:12 (


Innate Abilities, Weirdness & Mutations

You are resistant to damage.
You can heal yourself by infusing magical energy.
You passively map the area around you.
You do not regenerate.
You can translocate small distances at will.
You are resistant to hostile enchantments. (MR+)
[You have an uncontrollable temper.]
[Scrolls take you longer to read.]
[Armour fits poorly on your strangely shaped body.]
[Your body often deteriorates upon taking damage.]
[You are very dopey. (Int -4)]
[Your magical capacity is extremely low. (-30% MP)]
[You are very weak. (Str -4)]
[Your spells are much easier to cast, but much less powerful.]


Message History

The reaper is lightly wounded.
The reaper closely misses you.
You closely miss the reaper.
The reaper is lightly wounded.
The reaper smiles without lips.
You block the reaper's attack.
A demon appears!
It doesn't seem very happy.
The reaper hits you with a +0 vampiric scythe!
* * * LOW HITPOINT WARNING * * *
Your body deteriorates!
You feel weakened.
The reaper draws strength from your wounds!
You feel much better.
The reaper hits you with a +0 vampiric scythe!!
* * * LOW HITPOINT WARNING * * *
Your body deteriorates!
You feel dopey.
The balrug hits you with a +1 demon whip of venom!
* * * LOW HITPOINT WARNING * * *
You are engulfed in flames!
You resist.
You die...

... ... .# .
. ..
..).(#.....
.. .... [.
## # . . ...
.##.# . .
..# ... # .
..#....#...#
.###...... #
.. #.....###
#....2@2# .
.. ###...###
#.### .# # #


You could see a reaper and a balrug (summoned).

Vanquished Creatures
  Harold (D:8)
  An ice dragon (D:11)
  A centaur warrior (D:12)
  The ghost of Flugslaktarn the Cleaver, a novice DDFi of Makhleb (D:8)
  7 two-headed ogres
  4 hell knights (D:13)
  A wretched star (Abyss:3)
  3 large abominations (Abyss:3)
  4 unseen horrors
  The ghost of Qadulasew the Skirmisher, a novice MiBe of Trog (D:9)
  An orc knight (D:11)
  A necromancer (D:13)
  A manticore (D:13)
  2 deep elf magi (D:12)
  2 ugly things
  A cyclops (D:11)
  5 centaur zombies
  Psyche (D:8)
  A gargoyle (D:13)
  2 tengu conjurers (D:13)
  A wolf spider simulacrum (D:11)
  4 hornets
  A troll (D:10)
  A hippogriff (D:8)
  A polar bear (D:9)
  3 raiju (Abyss:3)
  2 spriggans (D:9)
  A wraith (D:13)
  8 yaks
  A soldier ant (D:11)
  An acid dragon (D:12)
  7 hell hounds (D:13)
  3 ice beasts
  3 sky beasts
  A hornet zombie (D:9)
  A phantom (D:9)
  9 orc warriors
  8 ogres
  5 centaurs
  A crocodile (D:8)
  8 big kobolds
  5 bullfrogs
  A gnoll sergeant (D:8)
  A wyvern skeleton (D:7)
  A scorpion (D:8)
  5 killer bees (D:7)
  2 electric eels (D:10)
  11 wights (D:8)
  3 howler monkeys
  2 bullfrog zombies
  A quasit (D:11)
  8 hounds
  7 jellies
  7 orc priests
  A bullfrog skeleton (D:11)
  2 centaur skeletons
  Jessica (D:2)
  8 iguanas
  Terence (D:2)
  15 orc wizards
  8 worker ants
  A hound skeleton (D:7)
  A mummy (D:7)
  A howler monkey zombie (D:2)
  7 gnolls
  A howler monkey skeleton (D:11)
  2 river rats
  25 adders
  A shadow imp (D:5)
  3 white imps
  3 ufetubi
  6 oozes (Sewer)
  An adder zombie (D:6)
  6 worms
  7 leopard geckos
  44 orcs
  8 bats
  9 giant cockroaches
  7 goblins
  7 hobgoblins
  2 jackals (D:5)
  29 kobolds
  7 quokkas
  6 frilled lizards
  A quokka skeleton (D:3)
  12 rats
398 creatures vanquished.

Vanquished Creatures (others)
  30 plants
30 creatures vanquished.

Grand Total: 428 creatures vanquished

Notes
Turn   | Place    | Note
-------+----------+-------------------------------------------
     0 | D:1      | Lovchig the Deep Dwarf Fighter began the quest for the Orb.
     0 | D:1      | Reached XP level 1. HP: 20/20 MP: 1/1
   174 | D:1      | Reached XP level 2. HP: 27/27 MP: 2/2
   683 | D:2      | Reached XP level 3. HP: 27/34 MP: 3/3
   877 | D:2      | Noticed Jessica
   886 | D:2      | Killed Jessica
   886 | D:2      | Reached skill level 3 in Axes
   886 | D:2      | Reached skill level 1 in Dodging
   886 | D:2      | Reached XP level 4. HP: 28/42 MP: 4/4
  1022 | D:2      | Found a sacrificial altar of Ru.
  1310 | D:2      | Reached XP level 5. HP: 14/49 MP: 5/5
  1321 | D:2      | Noticed Terence
  1328 | D:2      | Killed Terence
  1467 | D:3      | Reached skill level 4 in Axes
  2116 | D:4      | Reached XP level 6. HP: 40/56 MP: 5/5
  2396 | D:4      | Found a glowing drain.
  2400 | Sewer    | Entered a sewer
  2497 | Sewer    | Reached skill level 5 in Axes
  2669 | Sewer    | Reached XP level 7. HP: 33/62 MP: 6/6
  2686 | Sewer    | Reached skill level 5 in Shields
  2698 | Sewer    | Reached skill level 6 in Axes
  3026 | D:5      | Entered Level 5 of the Dungeon
  3297 | D:5      | Reached skill level 7 in Axes
  3411 | D:5      | Found a glowing golden altar of the Shining One.
  3411 | D:5      | Found a radiant altar of Vehumet.
  3416 | D:5      | Found a burning altar of Makhleb.
  3418 | D:5      | Found a glowing silver altar of Zin.
  3419 | D:5      | Found a blossoming altar of Fedhas.
  3422 | D:5      | Became a worshipper of Makhleb the Destroyer
  3542 | D:5      | Found a shattered altar of Ashenzari.
  3603 | D:5      | Reached XP level 8. HP: 36/72 MP: 7/7
  3751 | D:5      | Reached skill level 5 in Armour
  3784 | D:5      | Found Lofrucs's Antique Weapon Boutique.
  3997 | D:6      | Found Mun Soer's Weapon Shop.
  4081 | D:6      | Found a staircase to the Ecumenical Temple.
  4091 | Temple   | Entered the Ecumenical Temple
  4673 | D:6      | HP: 3/72 [ogre/+0 giant club (13)]
  4676 | D:6      | Reached skill level 8 in Axes
  4835 | D:7      | Reached * piety under Makhleb
  4885 | D:7      | Found a stormy altar of Qazlal.
  5048 | D:7      | Reached skill level 9 in Axes
  5048 | D:7      | Gained mutation: You passively map the area around you.
                  | [Deep Dwarf growth]
  5048 | D:7      | Reached XP level 9. HP: 44/79 MP: 7/7
  5184 | D:7      | Found an iron altar of Okawaru.
  5315 | D:7      | Found a snail-covered altar of Cheibriados.
  5375 | D:8      | Found a transporter.
  5376 | D:8      | Noticed Psyche
  5380 | D:8      | Noticed Flugslaktarn's ghost (novice DDFi)
  5386 | D:8      | Identified the +4 dire flail of the Shrike {spect, MR+
                  | Stlth+}
  5386 | D:8      | Noticed a two-headed ogre
  5388 | D:8      | Killed Psyche
  5388 | D:8      | Reached skill level 5 in Fighting
  5428 | D:8      | Found a transporter.
  5459 | D:8      | Reached skill level 10 in Axes
  5502 | D:8      | Noticed Harold
  5520 | D:8      | Killed Harold
  5522 | D:8      | Reached ** piety under Makhleb
  5522 | D:8      | Reached XP level 10. HP: 26/88 MP: 8/8
  5581 | D:8      | Found a burning altar of Makhleb.
  5581 | D:8      | Noticed a balrug
  5584 | D:8      | Noticed a smoke demon
  5694 | D:8      | Reached skill level 11 in Axes
  5696 | D:8      | Found an ancient bone altar of Kikubaaqudgha.
  5710 | D:8      | Found a staircase to the Lair.
  5751 | D:8      | Reached skill level 5 in Dodging
  5834 | D:8      | Identified a scroll of acquirement
  5834 | D:8      | Acquired the +2 pair of boots "Jufevow" {Regen+}
  5867 | D:8      | Killed a two-headed ogre
  5888 | D:8      | Killed Flugslaktarn's ghost
  5948 | D:9      | Found a runed translucent door.
  5959 | D:9      | Identified the +4 trident "Dragonslayer" {antimagic, Str+2
                  | Dex+4}
  5959 | D:9      | Noticed Qadulasew's ghost (novice MiBe)
  6156 | D:9      | Reached skill level 12 in Axes
  6185 | D:9      | Reached *** piety under Makhleb
  6291 | D:9      | Found a staircase to the Orcish Mines.
  6719 | D:9      | Killed Qadulasew's ghost
  6719 | D:9      | Reached XP level 11. HP: 48/99 MP: 9/9
  6747 | D:9      | Gained mutation: [Your body sometimes deteriorates upon
                  | taking damage.] [potion of mutation]
  6747 | D:9      | Gained mutation: You have a pair of small antennae on your
                  | head. [potion of mutation]
  6748 | D:9      | Lost mutation: [Your body sometimes deteriorates upon
                  | taking damage.] [potion of mutation]
  6748 | D:9      | Lost mutation: You have a pair of small antennae on your
                  | head. [potion of mutation]
  6748 | D:9      | Gained mutation: You are resistant to hostile enchantments.
                  | (MR+) [potion of mutation]
  6748 | D:9      | Gained mutation: You can translocate small distances at
                  | will. [potion of mutation]
  6766 | D:10     | Entered Level 10 of the Dungeon
  6838 | D:10     | Found Zuzinkih's Gadget Boutique.
  6967 | D:10     | Found Doelouv's Antique Armour Emporium.
  6969 | D:10     | Found Layfrit's Magic Scroll Emporium.
  6974 | D:10     | Noticed a two-headed ogre
  6984 | D:10     | Killed a two-headed ogre
  7345 | D:11     | Reached skill level 13 in Axes
  7424 | D:11     | Noticed a two-headed ogre
  7429 | D:11     | Killed a two-headed ogre
  7478 | D:11     | Reached **** piety under Makhleb
  7555 | D:11     | Noticed an orc knight
  7571 | D:11     | Killed an unseen horror
  7580 | D:11     | Noticed an ice dragon
  7581 | D:11     | Killed an unseen horror
  7607 | D:11     | Killed an orc knight
  7619 | D:11     | Killed an ice dragon
  7631 | D:11     | Got a faintly glowing iron ring
  7634 | D:11     | Got a heavily runed amber ring
  7641 | D:11     | Got a shimmering marble ring
  7644 | D:11     | Got a scintillating copper amulet
  7705 | D:11     | Killed an unseen horror
  7705 | D:11     | Reached XP level 12. HP: 57/110 MP: 9/9
  7840 | D:11     | Identified the amulet "Danev" {Inacc +Blink Dex+3} (You
                  | found it on level 11 of the Dungeon)
  7841 | D:11     | Identified the ring "Ulyeng" {Str+2 Stlth-} (You found it
                  | on level 11 of the Dungeon)
  7843 | D:11     | Identified the ring of Tukh {*Tele rElec rC+ Str+6 Int-3}
                  | (You found it on level 11 of the Dungeon)
  7845 | D:11     | Identified the ring "Rij Guam" {AC+4 Str+4 Dex-2 Slay+4}
                  | (You found it on level 11 of the Dungeon)
  7995 | D:12     | Noticed a two-headed ogre
  8001 | D:12     | Noticed a centaur warrior
  8011 | D:12     | Killed a two-headed ogre
  8011 | D:12     | Reached skill level 14 in Axes
  8023 | D:12     | Killed a centaur warrior
  8023 | D:12     | Reached skill level 10 in Shields
  8074 | D:12     | Paralysed by a hornet for 2 turns
  8187 | D:12     | Noticed a two-headed ogre
  8199 | D:12     | Killed a two-headed ogre
  8337 | D:12     | Found Loeco's Antique Weapon Shop.
  8345 | D:12     | Bought a fine broad axe for 279 gold pieces
  8345 | D:12     | Identified the cursed +0 broad axe "Zoips" {drain, rC+
                  | Str+3} (You bought it in a shop on level 12 of the Dungeon)
  8724 | D:13     | Noticed a two-headed ogre
  8730 | D:13     | Killed a two-headed ogre
  8760 | D:13     | Reached ***** piety under Makhleb
  8856 | D:13     | Noticed a two-headed ogre
  8862 | D:13     | Killed a two-headed ogre
  9165 | D:13     | Reached skill level 15 in Axes
  9514 | D:13     | Reached XP level 13. HP: 82/120 MP: 10/10
  9597 | D:13     | Cast into level 3 of the Abyss (hell knight)
  9639 | Abyss:3  | Noticed a reaper
  9768 | Abyss:3  | HP: 4/121 [reaper/+0 vampiric scythe (34)]
  9794 | Abyss:3  | Noticed a balrug
  9795 | Abyss:3  | HP: 2/121 [balrug/+1 demon whip of venom[the player
                  | character] (8)]
  9795 | Abyss:3  | Slain by a balrug

Illustrated notes

Levels and vault maps discovered:
D:1:      minmay_arrival_diagonal_passages, layout_loops_ring
D:2:      layout_loops_ring, nicolae_ru_path_of_blood, uniq_terence,
          uniq_jessica
D:3:      layout_rooms
D:4:      layout_basic, gup_sewer_entry_spiral, chequers_serial_rivers_large_a,
          kennysheep_generic_room_12
D:5:      layout_loops_corners, chequers_temple_overflow_minitemple,
          serial_shops, shop, serial_bayou, serial_bayou_shore_b,
          serial_bayou_shore_a, serial_bayou_pond_c, serial_bayou_crossing,
          serial_bayou_pond_e, ashenzari_altar_1
D:6:      layout_rooms, minmay_temple_entry_proselytizer, serial_shops, shop,
          chequers_serial_rivers_small_a
D:7:      layout_cave_pools, nicolae_overflow_hidden_temple,
          overflow_temple_1_default, slow_altar_2
D:8:      layout_rooms, lair_entry_dummy, basic_altar, gammafunk_ghost_smash,
          makhleb_altar_promises_db, uniq_psyche, uniq_harold
D:9:      layout_loops_ring, david_orc_4, ebering_ghost_funeral_grove,
          fountainhead, kennysheep_generic_room_14
D:10:     layout_rooms, serial_shops, shop, shop_fountains, shop, hive_lemuel
D:11:     minmay_the_grid_triangle_9x9_recursive_2
          [minmay_the_grid_triangle_9x9_prize_special,
          minmay_the_grid_triangle_9x9_empty,
          minmay_the_grid_triangle_9x9_longest,
          minmay_the_grid_triangle_9x9_warning], layout_rooms, nzn_random_ring
D:12:     layout_basic, serial_glass, glass_columns_c, glass_columns_a,
          serial_shops, shop, billiards_dpeg
D:13:     layout_loops_ring, minmay_misc_feat_more_columns, minmay_rotating_lava
Temple:   oiseaux_autumnal_temple
Abyss:3:  base: D:7, hangedman_stitches_earthworm

Skill      XL: |  1  2  3  4  5  6  7  8  9 10 11 12 13 |
---------------+----------------------------------------+-----
Fighting       | 3 4 5 6 7 8 9 |  9.0
Axes           | 3 4 5 7 9 10 12 13 15 | 15.4
Dodging        | 1 2 3 4 5 7 8 |  8.2
Shields        | 4 5 6 7 8 9 10 11 | 11.2
Armour         | 4 5 6 7 8 9 |  9.6

Action                   |  1- 3 |  4- 6 |  7- 9 | 10-12 | 13-15 || total
-------------------------+-------+-------+-------+-------+-------++-------
Melee: War axe           |    90 |   213 |   388 |   590 |       ||  1281
       Broad axe         |       |       |       |   198 |   124 ||   322
Invok: Lesser Servant of |       |       |       |       |     2 ||     2
       Greater Servant o |       |       |       |       |     1 ||     1
 Abil: Heal Wounds       |       |     1 |     3 |     6 |    24 ||    34
       Blink             |       |       |       |     4 |     2 ||     6
  Use: Scroll            |     5 |     4 |    10 |     9 |       ||    28
       Potion            |       |       |       |     3 |     1 ||     4
Armor: Scale mail        |    21 |    15 |       |       |       ||    36
       Chain mail        |       |    92 |   147 |       |       ||   239
       Plate armour      |       |       |    26 |   401 |    54 ||   481
Dodge: Dodged            |    19 |    78 |   156 |   331 |    46 ||   630
Block: Kite shield       |    51 |   152 |   246 |   480 |    82 ||  1011

Table legend: (Time is in decaauts)
 A = Elapsed time spent in this place.
 B = Non-inter-level travel time spent in this place.
 C = Inter-level travel time spent in this place.
 D = Time resting spent in this place.
 E = Time spent auto-exploring this place.
 F = Levels seen in this place.
 G = Mean time per level.
                   A        B        C        D        E       F      G
               +--------+--------+--------+--------+--------+-----+--------+
         Total |  10131 |   9833 |    298 |      0 |   6488 |  16 |  633.2 |
       Dungeon |   8920 |   8655 |    265 |      0 |   5761 |  13 |  686.2 |
        Temple |    311 |    278 |     33 |      0 |    276 |   1 |  311.0 |
         Abyss |    213 |    213 |      0 |      0 |     63 |   1 |  213.0 |
         Sewer |    686 |    686 |      0 |      0 |    386 |   1 |  686.0 |
               +--------+--------+--------+--------+--------+-----+--------+

Top non-repeatable levels by time:
     D:5: 1005 daAuts
    D:13: 869 daAuts
     D:2: 826 daAuts
    D:12: 824 daAuts
     D:9: 819 daAuts
     D:4: 717 daAuts
     D:1: 691 daAuts
   Sewer: 686 daAuts
     D:7: 570 daAuts
     D:8: 565 daAuts
     D:6: 545 daAuts
    D:10: 544 daAuts
    D:11: 537 daAuts
     D:3: 403 daAuts
  Temple: 311 daAuts
